 Dungeon Crawl Stone Soup version 0.28.0-45-g0d030f2227 (webtiles) character file.

Game seed: 17982160363336733847

4149 Andrea the Covert (level 10, -8/82 HPs)
             Began as a Gnoll Delver on Apr 6, 2022.
             Was a Believer of Cheibriados.
             Mangled by a two-headed ogre
             ... wielding a +0 giant spiked club
              (20 damage)
             ... on level 8 of the Dungeon.
             The game lasted 00:24:47 (8817 turns).

Andrea the Covert (Gnoll Delver)                    Turns: 8817, Time: 00:24:49

Health: -8/82      AC: 17    Str: 20    XL:     10   Next: 27%
Magic:  17/17      EV:  9    Int: 20    God:    Cheibriados [**....]
Gold:   445        SH:  0    Dex: 21    Spells: 19/19 levels left

rFire   + . .      SeeInvis .   e - +2 spear (vorpal)
rCold   + . .      Faith    .   (no shield)
rNeg    + . .      Spirit   .   o - +3 plate armour of a Gauntlet {Str+2 Dex+2}
rPois   .          Reflect  .   h - +0 helmet
rElec   .          Harm     .   (no cloak)
rCorr   .          Rampage  .   (no gloves)
Will    +....                   p - +0 pair of boots
Stlth   +.........              r - amulet of regeneration
HPRegen 1.03/turn               x - ring of fire
MPRegen 0.15/turn               G - ring of Osunucwy {Contam rC++ rN+ Will+ Int+3}

@: very slow
A: fangs 1, strong nose, distributed training
a: Renounce Religion, Bend Time


You were on level 8 of the Dungeon.
You worshipped Cheibriados.
Cheibriados was pleased with you.
You visited 2 branches of the dungeon, and saw 9 of its levels.

You collected 445 gold pieces.

Inventory:

Hand Weapons
 e - a +2 vorpal spear (weapon)
 l - a +2 dagger of draining
 J - a +2 spear of freezing
Missiles
 t - a boomerang of dispersal (quivered)
 A - 8 poisoned darts
Armour
 h - a +0 helmet (worn)
 o - the +3 plate armour of a Gauntlet (worn) {Str+2 Dex+2}
   (You found it on level 2 of the Dungeon)

   Str:       It affects your strength (+2).
   Dex:       It affects your dexterity (+2).
 p - a +0 pair of boots (worn)
Jewellery
 b - a ring of magical power
 n - a ring of ice
 r - an amulet of regeneration (around neck)
 x - a ring of fire (left hand)
 G - the ring of Osunucwy (right hand) {Contam rC++ rN+ Will+ Int+3}
   (You found it on level 7 of the Dungeon)

   [ring of positive energy]

   Int:       It affects your intelligence (+3).
   rC:        It greatly protects you from cold.
   rN:        It protects you from negative energy.
   Contam:    It causes magical contamination when unequipped.
   Will:      It increases your willpower.
 H - a ring of fire
Wands
 g - a wand of digging (4)
 s - a wand of flame (28)
 I - a wand of mindburst (8)
Scrolls
 a - a scroll of torment {unknown}
 c - 4 scrolls of fog
 d - a scroll of magic mapping
 i - a scroll of noise {unknown}
 j - 2 scrolls of immolation {unknown}
 k - 3 scrolls of teleportation
 u - a scroll of enchant weapon {unknown}
 y - a scroll of fear
 B - 3 scrolls of identify
 C - a scroll of vulnerability {unknown}
 D - a scroll of enchant armour {unknown}
Potions
 f - 3 potions of haste
 m - 2 potions of heal wounds {unknown}
 q - 6 potions of curing
 v - 4 potions of brilliance
 w - 3 potions of lignification
 z - a potion of mutation {unknown}
 E - a potion of might {unknown}
 F - a potion of degeneration {unknown}


   Skills:
 + Level 8.4 Fighting
 + Level 5.1 Short Blades
 + Level 5.1 Long Blades
 + Level 5.1 Axes
 + Level 5.1 Maces & Flails
 + Level 6.9 Polearms
 + Level 5.1 Staves
 + Level 5.1 Slings
 + Level 5.1 Bows
 + Level 5.1 Crossbows
 + Level 5.1 Throwing
 + Level 5.1 Armour
 + Level 6.9 Dodging
 + Level 10.9 Stealth
 + Level 5.1 Shields
 + Level 5.1 Unarmed Combat
 + Level 5.1 Spellcasting
 + Level 4.2 Conjurations
 + Level 4.2 Hexes
 + Level 4.2 Summonings
 + Level 4.2 Necromancy
 + Level 4.2 Translocations
 + Level 4.2 Transmutations
 + Level 4.2 Fire Magic
 + Level 4.2 Ice Magic
 + Level 4.2 Air Magic
 + Level 4.2 Earth Magic
 + Level 4.2 Poison Magic
 + Level 5.6 Invocations
 + Level 5.1 Evocations


You had 19 spell levels left.
You didn't know any spells.
Your spell library contained the following spells:

 Spells                   Type           Power      Damage    Failure   Level
 Sting                    Tmut/Pois      88%        1d7       45%         1
 Poisonous Vapours        Pois/Air       44%        N/A       58%         2
 Portal Projectile        Hex/Tloc       44%        N/A       83%         3
 Fulminant Prism          Conj/Hex       11%        3d9       99%         4
 Hailstorm                Conj/Ice       22%        3d7       99%         4
 Ice Form                 Ice/Tmut       22%        N/A       99%         4
 Iskenderun's Mystic Bla  Conj/Tloc      22%        2d6       99%         4
 Olgreb's Toxic Radiance  Pois           22%        N/A       99%         4
 Blade Hands              Tmut           11%        N/A       100%        5
 Excruciating Wounds      Necr           11%        N/A       100%        5
 Lee's Rapid Deconstruct  Erth           11%        3d9*      100%        5
 Simulacrum               Ice/Necr       11%        N/A       100%        6


Dungeon Overview and Level Annotations

Branches:
Dungeon (8/15)             Temple (1/1) D:5
   Lair: D:8-11

Altars:
Ashenzari
Cheibriados
Dithmenos
Elyvilon
Fedhas
Gozag
Hepliaklqana
Kikubaaqudgha
Makhleb
Okawaru
Qazlal
Ru
Sif Muna
Trog
Uskayaw
Vehumet
Wu Jian
Xom
Yredelemnul
Zin
The Shining One

Shops:
D:6 (


Innate Abilities, Weirdness & Mutations

You have very sharp teeth.
Your uncanny sense of smell can sniff out nearby items.
Your experience applies equally to all skills.


Message History

The gnoll closely misses you.
You hit the gnoll.
The gnoll is moderately wounded.
The gnoll barely misses you.
You puncture the gnoll!
The gnoll is almost dead.
You hit the gnoll.
You kill the gnoll!
Cheibriados appreciates the change of pace.
Aiming: Mindburst
Press: ? - help, Shift-Dir - straight line, f - two-headed ogre
Aim: a two-headed ogre, wielding a +0 giant spiked club and a +0 giant club (chance to affect: 68%)
The two-headed ogre's minds are blasted!
An ice beast comes into view.
Aiming: Mindburst
Press: ? - help, Shift-Dir - straight line, f/p - two-headed ogre
Aim: a two-headed ogre, wielding a +0 giant spiked club and a +0 giant club (moderately wounded, chance to affect: 68%)
The two-headed ogre struggles to resist.
Aiming: Mindburst
Press: ? - help, Shift-Dir - straight line, f/p - two-headed ogre
Aim: a two-headed ogre, wielding a +0 giant spiked club and a +0 giant club (moderately wounded, chance to affect: 68%)
The two-headed ogre's minds are blasted!
You hit the two-headed ogre.
You bite the two-headed ogre, but do no damage.
The two-headed ogre is heavily wounded.
The two-headed ogre hits you with a +0 giant spiked club!
The two-headed ogre hits you with a +0 giant club!!
You hit the two-headed ogre.
The two-headed ogre is heavily wounded.
The two-headed ogre hits you with a +0 giant spiked club!
The two-headed ogre barely misses you.
You closely miss the two-headed ogre.
The two-headed ogre is heavily wounded.
You hit the two-headed ogre.
The two-headed ogre is severely wounded.
You hear the steady creaking of a portcullis very nearby.
The two-headed ogre hits you with a +0 giant spiked club!!
* * * LOW HITPOINT WARNING * * *
The two-headed ogre hits you with a +0 giant club!!
You die...

...# ...# #..#
#..## ##....
.Y..# #O#.# #@#.#
#.#.# .#.####.#.#
..........#
##.####.#########
........).......#
......#.#######.#
###...#.# #.#
##..#.# #.#


You could see a two-headed ogre and an ice beast.

Vanquished Creatures
  Erica (D:8)
  A two-headed ogre (D:7)
  Grinder (D:6)
  Duvessa (D:6)
  A water moccasin (D:8)
  3 orc warriors
  A sky beast (D:8)
  An ice beast (D:7)
  A black bear (D:5)
  A necrophage (D:4)
  4 ogres
  3 phantoms
  Blork the orc (D:5)
  A kobold brigand (D:4)
  A scorpion (D:4)
  2 gnoll sergeants
  Dowan (D:6)
  A water moccasin skeleton (D:5)
  2 centaur zombies
  2 hounds
  2 jellies (D:7)
  3 orc priests
  A gnoll shaman (D:2)
  4 iguanas
  Natasha (twice) (D:3)
  2 orc wizards
  Terence (D:2)
  A hound zombie (D:5)
  Robin (D:3)
  21 gnolls
  6 adders
  2 white imps
  An adder skeleton (D:5)
  A worm (D:5)
  3 dart slugs
  28 orcs
  7 ball pythons
  6 endoplasms
  3 giant cockroaches
  17 goblins
  9 hobgoblins
  4 jackals (D:3)
  4 quokkas
  3 bats
  2 frilled lizards
  14 kobolds
  3 rats
181 creatures vanquished.

Vanquished Creatures (others)
  2 plants (D:2)
2 creatures vanquished.

Grand Total: 183 creatures vanquished

Notes
Turn   | Place    | Note
-------+----------+-------------------------------------------
     0 | D:5      | Reached skill level 9 in Stealth
     0 | D:5      | Andrea the Gnoll Delver began the quest for the Orb.
     0 | D:5      | Reached XP level 1. HP: 23/23 MP: 1/1
    20 | D:5      | Found a staircase to the Ecumenical Temple.
    40 | D:4      | Noticed a phantom
    60 | D:3      | Reached XP level 2. HP: 11/29 MP: 2/2
    67 | D:2      | Identified the +0 chain mail "Dubbostru" {rN+ MP+9 Str+4
                  | Dex-5}
   948 | D:1      | Reached XP level 3. HP: 35/35 MP: 3/3
  1638 | D:1      | Reached skill level 1 in Invocations
  1880 | D:2      | Identified the +3 plate armour of a Gauntlet {Str+2 Dex+2}
  2732 | D:3      | Reached skill level 1 in Short Blades
  2732 | D:3      | Reached skill level 1 in Long Blades
  2732 | D:3      | Reached skill level 1 in Axes
  2732 | D:3      | Reached skill level 1 in Maces & Flails
  2732 | D:3      | Reached skill level 1 in Staves
  2732 | D:3      | Reached skill level 1 in Slings
  2732 | D:3      | Reached skill level 1 in Bows
  2732 | D:3      | Reached skill level 1 in Crossbows
  2732 | D:3      | Reached skill level 1 in Throwing
  2732 | D:3      | Reached skill level 1 in Armour
  2732 | D:3      | Reached skill level 1 in Shields
  2732 | D:3      | Reached skill level 1 in Unarmed Combat
  2732 | D:3      | Reached skill level 1 in Spellcasting
  2732 | D:3      | Reached skill level 1 in Evocations
  2778 | D:3      | Reached XP level 4. HP: 38/41 MP: 5/5
  2917 | D:3      | Noticed a necrophage
  3091 | D:3      | Noticed Robin
  3092 | D:3      | Noticed Terence
  3171 | D:2      | Killed Terence
  3172 | D:2      | Reached skill level 1 in Conjurations
  3172 | D:2      | Reached skill level 1 in Hexes
  3172 | D:2      | Reached skill level 1 in Summonings
  3172 | D:2      | Reached skill level 1 in Necromancy
  3172 | D:2      | Reached skill level 1 in Translocations
  3172 | D:2      | Reached skill level 1 in Transmutations
  3172 | D:2      | Reached skill level 1 in Fire Magic
  3172 | D:2      | Reached skill level 1 in Ice Magic
  3172 | D:2      | Reached skill level 1 in Air Magic
  3172 | D:2      | Reached skill level 1 in Earth Magic
  3172 | D:2      | Reached skill level 1 in Poison Magic
  3401 | D:3      | Killed Robin
  3622 | D:2      | Reached XP level 5. HP: 34/47 MP: 7/7
  4433 | D:3      | Found a faded altar of an unknown god.
  4526 | D:3      | Reached XP level 6. HP: 53/53 MP: 8/8
  4743 | D:3      | Noticed Natasha
  4763 | D:3      | Killed Natasha
  4764 | D:3      | Reached skill level 5 in Polearms
  4764 | D:3      | Reached skill level 5 in Dodging
  5013 | D:3      | Noticed Natasha
  5032 | D:3      | Killed Natasha
  5377 | D:4      | Reached XP level 7. HP: 52/59 MP: 10/10
  6004 | D:4      | Reached skill level 10 in Stealth
  6099 | D:5      | Reached XP level 8. HP: 52/67 MP: 12/12
  6251 | Temple   | Entered the Ecumenical Temple
  6260 | Temple   | Became a worshipper of Cheibriados the Contemplative
  6435 | D:5      | Noticed Blork the orc
  6474 | D:5      | Killed Blork the orc
  6869 | D:6      | Reached * piety under Cheibriados
  6916 | D:6      | Noticed Duvessa
  6916 | D:6      | Noticed Dowan
  6930 | D:6      | Killed Duvessa
  6932 | D:6      | Killed Dowan
  6968 | D:6      | Found Syrch's Antique Weapon Shop.
  7131 | D:6      | Found a glowing golden altar of the Shining One.
  7146 | D:6      | Reached XP level 9. HP: 71/72 MP: 14/14
  7544 | D:6      | Noticed Grinder
  7544 | D:6      | Paralysed by Grinder for 2 turns
  7573 | D:5      | Found a basalt altar of Yredelemnul.
  7607 | D:6      | Killed Grinder
  7799 | D:7      | Found a shimmering blue altar of Sif Muna.
  7804 | D:7      | Noticed a two-headed ogre
  7817 | D:7      | Killed a two-headed ogre
  8073 | D:7      | Reached skill level 5 in Invocations
  8233 | D:7      | Identified the ring of Osunucwy {Contam rC++ rN+ Will+
                  | Int+3}
  8283 | D:7      | Reached ** piety under Cheibriados
  8560 | D:8      | Reached XP level 10. HP: 69/80 MP: 17/17
  8765 | D:8      | Noticed Erica
  8778 | D:8      | Killed Erica
  8779 | D:8      | Reached skill level 5 in Short Blades
  8779 | D:8      | Reached skill level 5 in Long Blades
  8779 | D:8      | Reached skill level 5 in Axes
  8779 | D:8      | Reached skill level 5 in Maces & Flails
  8779 | D:8      | Reached skill level 5 in Staves
  8779 | D:8      | Reached skill level 5 in Slings
  8779 | D:8      | Reached skill level 5 in Bows
  8779 | D:8      | Reached skill level 5 in Crossbows
  8779 | D:8      | Reached skill level 5 in Throwing
  8779 | D:8      | Reached skill level 5 in Armour
  8779 | D:8      | Reached skill level 5 in Shields
  8779 | D:8      | Reached skill level 5 in Unarmed Combat
  8779 | D:8      | Reached skill level 5 in Spellcasting
  8779 | D:8      | Reached skill level 5 in Evocations
  8807 | D:8      | Noticed a two-headed ogre
  8817 | D:8      | Mangled by a two-headed ogre

Illustrated notes

Levels and vault maps discovered:
D:1:      giann_horns, layout_basic, hangedman_glass_teeth,
          hangedman_decor_clover_reticule
D:2:      wad_lake_hut, layout_basic
D:3:      layout_basic, hellmonk_ecumenical_altar_lost_god, minmay_surrounded,
          uniq_natasha, uniq_terence, uniq_robin
D:4:      layout_basic, kennysheep_generic_room_8
D:5:      layout_basic, nicolae_overflow_hidden_temple,
          minmay_temple_entry_large_hall, uniq_blork_the_orc
D:6:      layout_cave_pods, lemuel_tele_altar, serial_shops,
          nicolae_shop_crystal, uniq_grinder, uniq_duvessa
D:7:      layout_basic, mainiacjoe_overflow_concentric_impassable,
          minmay_misc_feat_tiny
D:8:      layout_basic, lightli_bailey_entry_fortress, serial_shops, shop,
          david_defended_altar_orc, uniq_pikel, uniq_erica
Temple:   compressed_dpeg_circular_temple

Skill      XL: |  1  2  3  4  5  6  7  8  9 10 |
---------------+-------------------------------+-----
Stealth        | 10 | 10.9
Invocations    | 1 2 3 4 5 |  5.6
Short Blades   | 1 2 3 4 5 |  5.1
Long Blades    | 1 2 3 4 5 |  5.1
Axes           | 1 2 3 4 5 |  5.1
Maces & Flails | 1 2 3 4 5 |  5.1
Staves         | 1 2 3 4 5 |  5.1
Slings         | 1 2 3 4 5 |  5.1
Bows           | 1 2 3 4 5 |  5.1
Crossbows      | 1 2 3 4 5 |  5.1
Throwing       | 1 2 3 4 5 |  5.1
Armour         | 1 2 3 4 5 |  5.1
Shields        | 1 2 3 4 5 |  5.1
Unarmed Combat | 1 2 3 4 5 |  5.1
Spellcasting   | 1 2 3 4 5 |  5.1
Evocations     | 1 2 3 4 5 |  5.1
Conjurations   | 1 2 3 4 |  4.2
Hexes          | 1 2 3 4 |  4.2
Summonings     | 1 2 3 4 |  4.2
Necromancy     | 1 2 3 4 |  4.2
Translocations | 1 2 3 4 |  4.2
Transmutations | 1 2 3 4 |  4.2
Fire Magic     | 1 2 3 4 |  4.2
Ice Magic      | 1 2 3 4 |  4.2
Air Magic      | 1 2 3 4 |  4.2
Earth Magic    | 1 2 3 4 |  4.2
Poison Magic   | 1 2 3 4 |  4.2
Polearms       | 5 6 |  6.9
Dodging        | 5 6 |  6.9
Fighting       | 7 8 |  8.4

Action                   |  1- 3 |  4- 6 |  7- 9 | 10-12 || total
-------------------------+-------+-------+-------+-------++-------
Melee: Spear             |   167 |   263 |   380 |    55 ||   865
       Bite              |    16 |    19 |    39 |     4 ||    78
       Punch             |     1 |     2 |    17 |     6 ||    26
       Dagger            |       |       |    18 |       ||    18
Throw: Dart              |       |       |    15 |       ||    15
       Boomerang         |       |       |     1 |       ||     1
Invok: Bend Time         |       |       |       |     1 ||     1
Evoke: Wand              |       |    13 |     7 |     5 ||    25
  Use: Potion            |       |     2 |     1 |       ||     3
       Scroll            |       |     1 |     3 |       ||     4
 Stab: Sleeping          |     7 |       |       |       ||     7
       Invisible         |       |       |     1 |       ||     1
Armor: Leather armour    |     2 |       |       |       ||     2
       Ring mail         |    23 |       |       |       ||    23
       Plate armour      |    26 |   117 |   156 |     6 ||   305
       Skin              |       |     8 |       |       ||     8
Dodge: Dodged            |    80 |    54 |    88 |    12 ||   234
